 Dungeon Crawl Stone Soup version 0.25.0-11-g1f837a76a1 (webtiles) character file.

Game seed: 17248017924542137059

17 Esekla the Slasher (level 2, 0/28 HPs)
             Began as a Deep Dwarf Chaos Knight on June 26, 2020.
             Was a Plaything of Xom.
             Slain by Sigmund
             ... wielding a +0 scythe
              (6 damage)
             ... on level 2 of the Dungeon.
             The game lasted 00:02:33 (275 turns).

Esekla the Slasher (Deep Dwarf Chaos Knight)         Turns: 275, Time: 00:02:33

Health: 0/28       AC:  5    Str: 15    XL:     2   Next: 44%
Magic:  1/1        EV: 11    Int: 12    God:    Xom [...*..]
Gold:   29         SH:  0    Dex: 12    Spells: 1/1 levels left

rFire    . . .     SeeInvis .   a - +0 falchion (chaos)
rCold    . . .     Gourm    .   (no shield)
rNeg     . . .     Faith    .   b - +2 leather armour
rPois    .         Spirit   .   (no helmet)
rElec    .         Reflect  .   (no cloak)
rCorr    .         Harm     .   (no gloves)
MR       .....                  (no boots)
Stlth    +.........             (no amulet)
HPRegen  0.00/turn              (no ring)
MPRegen  0.07/turn              (no ring)

@: stab, non-regenerating
A: damage resistance, heal wounds, sense surroundings 1, no regeneration
a: Heal Wounds, Renounce Religion


You were on level 2 of the Dungeon.
You worshipped Xom.
You were a favourite toy of Xom.
You were not hungry.

You visited 1 branch of the dungeon, and saw 2 of its levels.

You collected 29 gold pieces.

Inventory:

Hand Weapons
 a - a +0 falchion of chaos (weapon)
 e - a +0 dagger
 h - a +0 trident
Armour
 b - a +2 leather armour (worn)
Scrolls
 d - a scroll of amnesia {unknown}
 g - a scroll of blinking {unknown}
Potions
 f - a potion of brilliance {unknown}
Comestibles
 c - 2 rations


   Skills:
 + Level 3.0 Fighting
 + Level 3.3 Long Blades
 * Level 2.4 Armour
 * Level 1.4 Dodging


You had one spell level left.
You didn't know any spells.
Your spell library was empty.

Dungeon Overview and Level Annotations

Branches:
Dungeon (2/15)

Altars:
Hepliaklqana

Annotations:
D:2 Sigmund


Innate Abilities, Weirdness & Mutations

You are resistant to damage.
You can heal yourself by infusing magical energy.
You passively map a small area around you.
You do not regenerate.


Message History

The hobgoblin hits you with a +0 club.
* * * LOW HITPOINT WARNING * * *
Your magical essence is drained by the effort!
You feel much better.
Your butterfly disappears in a puff of smoke!
Something hits you!
You barely miss something.
Your butterfly degenerates into a cloud of primal chaos!
The hobgoblin hits you with a +0 club.
You miss something. The hobgoblin hits you with a +0 club. Something hits you!
The dart slug launches a dart at you.
The slug dart hits something.
You hit something. You burn something.
The hobgoblin hits you but does no damage.
Something hits you!
* * * LOW HITPOINT WARNING * * *
You slash the hobgoblin!
You kill the hobgoblin!
Something hits you!
You die...

* * * #, * * #.* ,* *
#.### * *,* * * #....
* , , ...## ,
#####+####.?# * **
*#........##§#####.##
+........+.(@{w.....
, , ***
#..(.....##§#####...
, +........##.# ,
*#........##.# ,#.#
#........##.# ,#.###
#...........# #.#.#..
#........#..##
#.#.#.#*
###.######...#
#.#.#.# #.# #.#.#
#.#.#.#


You could see a dart slug.

Vanquished Creatures
  An adder (D:2)
  A goblin (D:1)
  3 hobgoblins
  3 frilled lizards
  A rat (D:1)
9 creatures vanquished.

Notes
Turn   | Place    | Note
-------+----------+-------------------------------------------
     0 | D:1      | Esekla the Deep Dwarf Chaos Knight began the quest for the
                  | Orb.
     0 | D:1      | Reached XP level 1. HP: 20/20 MP: 1/1
    55 | D:1      | XOM: potion effect (curing)
   164 | D:2      | Found a hazy altar of Hepliaklqana.
   191 | D:2      | XOM: silly message
   201 | D:2      | Reached XP level 2. HP: 16/28 MP: 2/2
   250 | D:2      | Noticed Sigmund
   253 | D:2      | XOM: butterfly on damage
   268 | D:2      | XOM: potion effect (stabbing)
   269 | D:2      | XOM: smoke on damage
   275 | D:2      | Slain by Sigmund

Illustrated notes

Levels and vault maps discovered:
D:1:      mushboom_english_gardens, layout_basic, chequers_mini_garden,
          minmay_pentomino_q4
D:2:      layout_basic, overflow_temple_1_default, lemuel_round_altar,
          minmay_misc_feat_alley, uniq_sigmund

Skill      XL: |  1 |
---------------+----+-----
Fighting       | 3 |  3.0
Long Blades    | |  3.3
Armour         | |  2.4
Dodging        | |  1.4

Action                   || total
-------------------------++-------
Melee: Falchion          ||    45
 Abil: Heal Wounds       ||     3
 Stab: Paralysed         ||     2
Armor: Leather armour    ||    14
Dodge: Dodged            ||    21
       Rpst.: Falchion   ||     4
